 BcadrenCrawl: Boulder Brew version 0.06-688-g08e91b2d95 (webtiles) character file.

Game seed: 15102556474482813844

4148 Leeroy the Fighter (level 10, -1/118 HPs) Cyan Draconian Priest. Began on Feb 1, 2023. Was a High Priest of Bahamut & Tiamat. Slain by a hound (4 damage) ... on level 5 of the Dungeon. The game lasted 00:18:49 (7865 turns).

Leeroy the Fighter (Cyan Draconian Priest)          Turns: 7865, Time: 00:18:50

Health: -1/118     AC:  2    Str: 14    XL:     10 ^: 5045
Magic:  16/17      EV: 11    Int: 12    God:    Bahamut & Tiamat [5* [140]]
Gold:   168        SH:  0    Dex: 20    Spells: 3/9 levels left

rFire    . . .     Slash    +   e - +2 dagger (elec)
rCold    . . .     Pierce   x   (no weapon)
rNeg     . . .     Bludgeon .   (armour unavailable)
rCorr    . . .     Vision   .   (helmet restricted)
rPois    .         Gourm    .   (no cloak)
rElec    .         Faith    +   v - +1 pair of gloves
MR       +....     Spirit   .   (no boots)
HPRegen  0.49/turn Reflect  .   d - amulet of faith
MPRegen  0.27/turn Harm     .   c - ring of dexterity
Stlth    ++........             j - ring of protection from magic

@: short of breath, corroded, heavily drained
A: deformed body 2, cold-blooded, boosted bows aptitude, translocations enhancer
1, rCloud, rAir, draconic flesh, AC +8
a: Breathe Blast of Wind, Adaptive Breath, Choose Bahamut's Drake Mount, Choose
Tiamat's Summon Drakes, Renounce Religion


You were on level 5 of the Dungeon.
You worshipped Bahamut & Tiamat.
Bahamut & Tiamat was extremely pleased with you.
You were not hungry.

You visited 2 branches of the dungeon, and saw 6 of its levels.
You also visited: Temple.

You collected 168 gold pieces.

Inventory:

Weapons
 e - a +2 dagger of electrocution (weapon)
 q - a +0 dagger of freezing
Armour
 m - a scarf of harm
 v - a +1 pair of gloves (worn)
Jewellery
 c - a ring of dexterity (left hand)
 d - an amulet of faith (around neck)
 g - the cursed amulet of Waufed {*Corrode Regen+ Str+2 Int+3 +Vis, (Curse: rC-)}
   (You took it off a kobold on level 2 of the Dungeon)

   [amulet of regeneration]

   It affects your strength (+2).
   It affects your intelligence (+3).
   It improves your vision.
   It increases your rate of regeneration.
   It may corrode you when you take damage.
   It has a curse placed upon it.
   { (Curse: rC-)}
 j - a ring of protection from magic (right hand)
 k - a cursed amulet of guardian spirit {(Curse: -Tele)}
 s - a cursed ring of positive energy {(Curse: Int-3)}
 t - an uncursed ring of wizardry
 y - an uncursed ring of protection
 z - the cursed ring of Lezorphu {Wiz rF+ Str+4, (Curse: *Drain)}
   (You took it off an orc priest on level 3 of the Dungeon)

   [ring of wizardry]

   It improves your spell success rate.
   It affects your strength (+4).
   It protects you from fire.
   It has a curse placed upon it.
   { (Curse: *Drain)}
Wands
 x - a wand of acid (1)
Scrolls
 b - a scroll of vulnerability
 h - a scroll of holy word
 i - 2 scrolls of immolation
 o - a scroll of teleportation
 p - a scroll of fog
 r - a scroll of enchantment
Potions
 f - a potion of mutation
 l - a potion of agility
 n - a potion of cancellation
 w - 3 potions of brilliance
Comestibles
 a - 12 rations


   Skills:
 - Level 11.2(8.8) Fighting
 - Level 1.5(0.0) Dodging
 - Level 1.4(0.0) Stealth
 - Level 2.6(0.7) Unarmed Combat
 + Level 9.2(6.9) Translocations
 - Level 10.0(7.7) Invocations


You had 3 spell levels left.
You knew the following spells:

 Your Spells              Type           Power        Failure   Level  Hunger
a - Passwall Tmut/Erth 0 (120) 45% 2 80-120 b - Passage of Golubria Tloc           N/A          19%         4    200-300

Your spell library contained the following spells:

 Spells                   Type           Power        Failure   Level  Hunger
 Swiftness Chrm/Air 0 (100) 45% 2 80-120 Lee's Rapid Deconstruct Erth 0 (200) 100% 5 320-480 Methodical Deconstructi Erth 0 (200) 100% 5 320-480 Darkness Hex 0 (200) 100% 6 440-660 Invisibility Chrm           0 (100)      100%        6    440-660


Dungeon Overview and Level Annotations

Branches:
Dungeon (5/8)              Temple (1/1) D:4
   Lair: D:5

Altars:
Ashenzari
Cheibriados
Elyvilon
Gozag Ym Sagoz
Hepliaklqana
Kikubaaqudgha
Makhleb
Nemelex Xobeh
Qazlal
Ru
Sif Muna
Trog
Vehumet
Wu Jian
Xom
Yredelemnul
Zin
The Shining One


Innate Abilities, Weirdness & Mutations

Your empereal azure scales are resilient. (AC +8)
You can breathe strong gales of wind.
You cannot wear any armour on your peculiar form.
You are cold-blooded and are slowed more easily by cold attacks.
You are naturally skilled at Bows (Aptitude +3).
You are in touch with the powers of translocation.
Your empereal azure scales grant you immunity to the effects of clouds and air. (rCloud, rAir)
Your scales resist being cut, but it's oddly easy to stick a small blade between them. (rSlashing+, rPiercing-)


Message History

You barely miss the hound.
The hound is moderately wounded. (12/16) HP The orc wizard casts a spell.
The orc wizard blinks!
The wight hits you with a cursed +3 falchion of caustic ooze {(Curse: Fragile)} (4).
You resist.
* * * LOW HITPOINT WARNING * * *
You are splashed with acid (4).
* * * LOW HITPOINT WARNING * * *
The hound closely misses you.
As you read the scroll of holy word, it crumbles to dust.
You speak a Word of immense power!
The wight convulses (35)!!
You destroy the wight!
Bahamut approves of your kill.
The wight convulses (28)!!
You destroy the wight!
Tiamat appreciates your kill. The hound bites you (3).
You are perforated ruthlessly!
* * * LOW HITPOINT WARNING * * *
The hound bites you (4).
You are perforated ruthlessly!
You die...

### #.#
...
#.####.#
#.##...#
#.##a#
#.##[#
#.##@#
##)##h#
#<..o.#
#.)####
#J.#
#..#
#Jo#
#...
#o##


You could see a hound, a worker ant and an orc wizard (fast).

Vanquished Creatures
  2 dream sheep (D:4)
  2 yaks (D:4)
  2 phantoms
  An orc warrior (D:3)
  A water moccasin (D:2)
  2 scorpions (D:4)
  A black bear (D:4)
  2 ice beasts (D:4)
  A sky beast (D:4)
  An ogre (D:4)
  Ijyb (D:3)
  4 big kobolds
  A centaur (D:4)
  3 howler monkeys
  3 wights (D:5)
  A hornet zombie (D:3)
  2 llaibwcod (D:3)
  4 orc priests
  6 hounds (D:4)
  5 jellies
  10 orc wizards
  An iguana (D:4)
  A wyvern zombie (D:4)
  6 worker ants
  A wyvern skeleton (D:4)
  A water moccasin skeleton (D:4)
  7 giant cockroaches
  A haearbwca (D:4)
  10 adders
  35 sewer rats (D:2)
  7 cinder newts
  5 worms
  3 bullfrogs
  2 oozes
  2 dart slugs (D:1)
  2 leopard geckos
  15 orcs
  A cinder newt skeleton (D:2)
  10 goblins (D:1)
  6 hobgoblins (D:1)
  4 jackals
  5 ball pythons
  A ball python skeleton (D:2)
  5 bats (D:1)
  A bat skeleton (D:2)
  A hobgoblin skeleton (D:2)
  10 kobolds
  An orc skeleton (D:2)
  5 rats
  A giant blowfly (D:2)
  5 withered plants (D:2)
210 creatures vanquished.

Vanquished Creatures (others)
  A sewer rat (D:2)
  An adder skeleton (D:2)
  A ball python (D:2)
  2 bat skeletons (D:2)
  A rat (D:2)
  4 slimeheads (D:2)
  145 withered plants (D:2)
155 creatures vanquished.

Grand Total: 365 creatures vanquished

Notes
Turn   | Place    | Note
-------+----------+-------------------------------------------
     0 | Start Te | Leeroy the Immature Draconian Priest began the quest for
                  | the Orb.
     0 | Start Te | Reached XP level 1. HP: 29/29 MP: 3/3
     0 | Start Te | Found a sparkling altar of Nemelex Xobeh.
     1 | Start Te | Found a basalt altar of Yredelemnul.
     1 | Start Te | Found a white marble altar of Elyvilon.
     2 | Start Te | Found an iron altar of Okawaru.
     3 | Start Te | Found a glowing silver altar of Zin.
     3 | Start Te | Found a blossoming altar of Fedhas.
     4 | Start Te | Found a stormy altar of Qazlal.
     5 | Start Te | Found a glowing golden altar of the Shining One.
     5 | Start Te | Found an opulent altar of Gozag.
     6 | Start Te | Found a sacrificial altar of Ru.
     7 | Start Te | Found an ornate altar of Bahamut and Tiamat.
     7 | Start Te | Found a hazy altar of Hepliaklqana.
    15 | Start Te | Became a worshipper of Bahamut & Tiamat
    15 | Start Te | Reached * piety under Bahamut & Tiamat
    15 | Start Te | Reached ** piety under Bahamut & Tiamat
    51 | D:1      | Reached skill level 1 in Fighting
    61 | D:1      | Reached skill level 2 in Fighting
    61 | D:1      | Reached XP level 2. HP: 11/39 MP: 5/5
   264 | D:1      | Reached skill level 3 in Fighting
   449 | D:1      | Reached XP level 3. HP: 36/49 MP: 6/6
   557 | D:1      | Reached skill level 4 in Fighting
   662 | D:1      | Reached *** piety under Bahamut & Tiamat
   741 | D:1      | Reached XP level 4. HP: 59/59 MP: 7/7
  1110 | D:2      | Reached skill level 5 in Fighting
  1154 | D:2      | Noticed a big kobold
  1157 | D:2      | Identified the cursed amulet of Waufed {*Corrode Regen+
                  | Str+2 Int+3 +Vis, (Curse: rC-)}
  1176 | D:2      | Killed a big kobold
  1176 | D:2      | Reached skill level 6 in Fighting
  1176 | D:2      | Reached XP level 5. HP: 27/69 MP: 8/8
  1439 | D:2      | Reached skill level 7 in Fighting
  1444 | D:2      | Reached XP level 6. HP: 47/79 MP: 9/9
  1448 | D:2      | Reached **** piety under Bahamut & Tiamat
  1665 | D:2      | Reached skill level 8 in Fighting
  1947 | D:2      | Your scales start taking on an empereal azure colour.
  1947 | D:2      | Reached XP level 7. HP: 89/89 MP: 10/10
  1947 | D:2      | Gained mutation: Your empereal azure scales grant you
                  | immunity to the effects of clouds and air. (rCloud, rAir)
                  | [Cyan Draconian growth]
  1947 | D:2      | Gained mutation: You are in touch with the powers of
                  | translocation. [Cyan Draconian growth]
  2110 | D:2      | Reached skill level 9 in Fighting
  2196 | D:2      | Reached ***** piety under Bahamut & Tiamat
  2310 | D:2      | Found a hazy altar of Hepliaklqana.
  3735 | D:3      | Reached skill level 10 in Fighting
  3790 | D:3      | Reached XP level 8. HP: 29/99 MP: 11/11
  3978 | D:3      | Reached skill level 11 in Fighting
  4540 | D:3      | Noticed Ijyb
  4548 | D:3      | Reached skill level 5 in Invocations
  4552 | D:3      | Killed Ijyb
  4572 | D:3      | Identified the cursed ring of Lezorphu {Wiz rF+ Str+4,
                  | (Curse: *Drain)}
  5188 | D:4      | Reached XP level 9. HP: 30/108 MP: 15/15
  6235 | D:4      | Found a staircase to the Ecumenical Temple.
  6282 | Temple   | Entered the Ecumenical Temple
  6536 | D:4      | Learned a level 2 spell: Passwall
  6573 | D:4      | Reached skill level 10 in Invocations
  6591 | D:4      | Learned a level 4 spell: Passage of Golubria
  6899 | D:4      | Reached skill level 5 in Translocations
  7139 | D:4      | Noticed a two-headed hydra
  7824 | D:4      | Gained mutation: You are naturally skilled at Bows
                  | (Aptitude +3). [draconic bloodline]
  7824 | D:4      | Reached XP level 10. HP: 103/118 MP: 17/17
  7828 | D:5      | Entered Level 5 of the Dungeon
  7865 | D:5      | HP: 3/118 [hound (3)]
  7865 | D:5      | Slain by a hound

Illustrated notes

Levels and vault maps discovered:
D:1:      ncdulo_wetmaze, layout_basic
D:2:      layout_sewer, kennysheep_mini, first_ration
D:3:      layout_basic, uniq_ijyb
D:4:      layout_irregular_city, temple_fountains, hangedman_ranch
          [blue_anna_fruit_fields]
D:5:      layout_loops_ring, lair_entry_dummy, minivault_14
Temple:   bh_familiar_temple

Skill      XL: |  1  2  3  4  5  6  7  8  9 10 |
---------------+-------------------------------+-----
Fighting       | 2 3 4 6 7 8 10 11 | 11.2
Invocations    | 8 10 | 10.0
Translocations | 8 9 |  9.2
Dodging        | |  1.5
Stealth        | |  1.4
Unarmed Combat | |  2.6

Action                   |  1- 3 |  4- 6 |  7- 9 | 10-12 || total
-------------------------+-------+-------+-------+-------++-------
Melee: Unarmed           |    59 |    68 |   269 |    18 ||   414
       Peck              |    10 |     9 |    56 |     6 ||    81
       Dagger            |    29 |   111 |   343 |    24 ||   507
Throw: Stone             |       |       |     6 |       ||     6
       Rusty metal       |       |       |     2 |       ||     2
       Bone              |       |       |     2 |       ||     2
       Skull             |       |       |     1 |       ||     1
Invok: Choose Bahamut's  |     1 |       |       |       ||     1
       Choose Tiamat's A |     1 |       |       |       ||     1
       Adaptive Breath   |       |       |     7 |     1 ||     8
  Use: Potion            |       |       |     2 |     2 ||     4
       Scroll            |       |       |     2 |     1 ||     3
 Stab: Sleeping          |     3 |     2 |     6 |     1 ||    12
       Distracted        |       |     1 |     2 |       ||     3
       Confused          |       |       |     1 |       ||     1
  Eat: Chunk             |       |     4 |    18 |       ||    22
       Ration            |       |       |     1 |       ||     1
Armor: Skin              |    18 |    35 |    88 |     4 ||   145
Dodge: Dodged            |    12 |    31 |    68 |    11 ||   122
